 Dungeon Crawl Stone Soup version 0.31-a0-210-gccc998df9b (webtiles) character file.

Game seed: 1735360318203674182

510 qw the Chopper (level 7, -2/43 HPs)
             Began as a Gargoyle Fighter on June 30, 2023.
             Slain by an orc
             ... wielding a +0 dagger
              (4 damage)
             ... on level 5 of the Dungeon.
             The game lasted 00:01:37 (3189 turns).

qw the Chopper (Gargoyle Fighter)                   Turns: 3189, Time: 00:01:38

Health: -2/43      AC: 13    Str: 21    XL:     7   Next: 19%
Magic:  7/7        EV:  8    Int:  9    God:
Gold:   107        SH:  4    Dex:  9    Spells: 6/6 levels left

rFire   . . .        m - +1 war axe
rCold   + . .        c - +0 buckler
rNeg    + . .        o - +0 chain mail
rPois   inf          (no helmet)
rElec   +            (no cloak)
rCorr   .            (no gloves)
SInv    .            (no boots)
Will    .....        (no amulet) Stlth
                     g - ring of protection from cold
HPRegen 0.27/turn    b - +4 ring of slaying {mikee}
MPRegen 0.10/turn

%: no passive effects
@: about to teleport
A: sickness immunity, AC +4, negative energy resistance 1, electricity
resistance, torment resistance 1, petrification resistance
a: no special abilities


You were on level 5 of the Dungeon.
You visited 1 branch of the dungeon, and saw 6 of its levels.

You collected 203 gold pieces.
You spent 96 gold pieces at shops.


Innate Abilities, Weirdness & Mutations

You are immune to sickness and miasma.
Your stone body is resilient. (AC +4)
You are immune to poison.
You resist negative energy. (rN+)
You are resistant to electric shocks. (rElec)
You are resistant to unholy torment.
You are immune to petrification.


   Skills:
 - Level 4.3 Fighting
 + Level 6.3 Axes
 - Level 3.2 Armour
 - Level 1.0 Dodging
 - Level 3.2 Shields


You had 6 spell levels left.
You didn't know any spells.
Your spell library was empty.

Inventory:

Hand Weapons
 f - a +0 flail
 m - a +1 war axe (weapon)
Armour
 c - a +0 buckler (worn)
 o - a +0 chain mail (worn)
Jewellery
 b - a +4 ring of slaying (right hand) {mikee}
 g - a ring of protection from cold (left hand)
 i - an amulet of reflection
 Y - a +6 ring of dexterity
Scrolls
 a - 7 scrolls of identify
Potions
 d - a potion of might
 e - a potion of mutation
 h - a potion of attraction
 n - a potion of haste

Dungeon Overview and Level Annotations

Branches:
Dungeon (6/15)
 Temple: D:4-7

Altars:
Dithmenos
Zin

Shops:
D:3 ?   D:4 *


Message History

You slash the iguana!
You kill the iguana!
The orc priest hits you but does no damage.
You hit the orc priest.
The orc priest is lightly wounded.
You block the orc priest's attack.
You slash the orc priest!
You kill the orc priest!
You hit the orc.
The orc is almost dead.
The orc barely misses you.
An orc priest comes into view. It is wielding a +0 dagger.
You completely miss the orc.
The orc is almost dead.
The orc priest shouts!
The orc hits you but does no damage.
The orc priest calls down the wrath of Beogh upon you.
Beogh smites you!
The orc priest casts a cantrip, but nothing happens.
The orc hits you but does no damage.
You slash the orc!
You kill the orc!
The orc priest calls down the wrath of Beogh upon you.
Beogh smites you!
An orc comes into view. It is wielding a +0 dagger.
You hear a shout!
3184 ||| Stepping ~*~*~tactically~*~*~ (hiding).
The orc shouts!
An orc comes into view. It is wielding a +0 dagger.
The orc barely misses you.
You barely miss the orc priest. You hit the orc.
The orc priest mumbles some strange prayers to Beogh against you.
Beogh smites you! You block the orc's attack.
3189 ||| READING scroll of teleportation.
As you read the scroll of teleportation, it crumbles to dust.
You feel strangely unstable. The orc hits you but does no damage.
The orc priest hits you with a +0 dagger.
The orc hits you with a +0 dagger.
You die...

....# . .....## #. ..
.....#####.. ...
...............##
....####...............#
.......................#
......oo...............#
...$..o@..).............
..#######...............
##..............
##.............
##............
##...........
##.......... #..........
##..........


You could see an orc priest and 2 orcs.

Vanquished Creatures
  An ogre (D:6)
  A phantom (D:4)
  2 scorpions
  An orc priest (D:5)
  A sleepcap (D:6)
  An iguana (D:5)
  5 adders
  3 worms
  A dart slug (D:4)
  11 orcs
  6 ball pythons
  5 endoplasms
  3 giant cockroaches
  8 goblins
  10 hobgoblins
  3 jackals (D:1)
  A quokka (D:1)
  7 bats
  5 frilled lizards
  7 kobolds
  7 rats
89 creatures vanquished.

Notes
Turn   | Place    | Note
-------+----------+-------------------------------------------
     0 | D:1      | qw the Gargoyle Fighter began the quest for the Orb.
     0 | D:1      | Reached XP level 1. HP: 14/14 MP: 1/1
     0 | D:1      | 0 ||| qw: Version: 0.3-a-24-ga2abf7b
     0 | D:1      | 0 ||| qw: Game counter: 7060
     0 | D:1      | 0 ||| qw: Melee chars always use a shield: true
     0 | D:1      | 0 ||| qw: God list: Okawaru
     0 | D:1      | 0 ||| qw: Allow faded altars: false
     0 | D:1      | 0 ||| qw: Do Orc after clearing Dungeon:15 true
     0 | D:1      | 0 ||| qw: Do second Lair branch before Depths: true
     0 | D:1      | 0 ||| qw: Lair rune preference: random
     0 | D:1      | 0 ||| qw: Goals: Normal, Zot:1-4, Slime:5, God:TSO, Crypt,
                  | Tomb, Abyss, Pan, Hells, Win
     0 | D:1      | 0 ||| PLANNING D:1-11
    48 | D:1      | Reached skill level 2 in Axes
    57 | D:1      | 57 ||| Stepping ~*~*~tactically~*~*~ (stealth).
    97 | D:1      | Reached XP level 2. HP: 19/19 MP: 2/2
   374 | D:1      | Reached skill level 3 in Axes
   394 | D:1      | Reached XP level 3. HP: 19/23 MP: 3/3
   970 | D:1      | 970 ||| READING 3 scrolls labelled OJAITU JEOWU.
   971 | D:1      | 971 ||| READING scroll labelled ALUSCHU UFFU.
   972 | D:1      | 972 ||| READING 2 scrolls of identify.
   972 | D:1      | 972 ||| IDENTIFYING fizzy blue potion
  1278 | D:2      | Found a shadowy altar of Dithmenos.
  1438 | D:2      | Reached XP level 4. HP: 27/28 MP: 4/4
  1485 | D:2      | Found a faded altar of an unknown god.
  1545 | D:2      | 1545 ||| Stepping ~*~*~tactically~*~*~ (hiding).
  1697 | D:2      | 1697 ||| Stepping ~*~*~tactically~*~*~ (stealth).
  1703 | D:2      | 1703 ||| Stepping ~*~*~tactically~*~*~ (stealth).
  1708 | D:2      | 1708 ||| Stepping ~*~*~tactically~*~*~ (stealth).
  1709 | D:2      | 1709 ||| Stepping ~*~*~tactically~*~*~ (stealth).
  1712 | D:2      | 1712 ||| Stepping ~*~*~tactically~*~*~ (stealth).
  1990 | D:2      | 1990 ||| UPGRADING to +0 chain mail.
  2000 | D:2      | 2000 ||| DROPPING +0 scale mail.
  2001 | D:2      | 2001 ||| UPGRADING to +6 ring of dexterity.
  2002 | D:2      | 2002 ||| READING scroll labelled XEQYME REAKI.
  2005 | D:2      | 2005 ||| READING scroll labelled OXUFEA BUNGUC.
  2006 | D:2      | 2006 ||| READING scroll labelled JASCHU ODA AFIBB.
  2007 | D:2      | 2007 ||| READING 2 scrolls labelled OLAUWUSHOG.
  2008 | D:2      | 2008 ||| READING scroll labelled IROMOMA POEGA.
  2029 | D:2      | 2029 ||| READING scroll labelled ICRIURANKO.
  2030 | D:2      | 2030 ||| DRINKING 2 bubbling blue potions.
  2031 | D:2      | 2031 ||| DRINKING 2 white potions.
  2032 | D:2      | 2032 ||| READING 4 scrolls of identify.
  2032 | D:2      | 2032 ||| IDENTIFYING blue potion
  2033 | D:2      | 2033 ||| DROPPING potion of degeneration.
  2034 | D:2      | 2034 ||| DROPPING scroll of noise.
  2116 | D:3      | Reached skill level 4 in Axes
  2165 | D:3      | Found Azen Ytori's Magic Scroll Shoppe.
  2227 | D:3      | 2227 ||| BUYING 2 scrolls of identify (48 gold).
  2227 | D:3      | Bought 2 scrolls of identify for 48 gold pieces
  2227 | D:3      | 2227 ||| SHOPLISTING scroll of acquirement (624 gold, have
                  | 61).
  2227 | D:3      | 2227 ||| BUYING scroll of identify (24 gold).
  2227 | D:3      | Bought a scroll of identify for 24 gold pieces
  2227 | D:3      | 2227 ||| BUYING scroll of identify (24 gold).
  2227 | D:3      | Bought a scroll of identify for 24 gold pieces
  2227 | D:3      | 2227 ||| SHOPLISTING scroll of teleportation (36 gold, have
                  | 13).
  2783 | D:3      | 2783 ||| UPGRADING to +4 ring of slaying {mikee}.
  2784 | D:3      | 2784 ||| READING scroll labelled HIBUKECSUAD.
  2799 | D:4      | Found Zin's Purification Station.
  2801 | D:4      | 2801 ||| Stepping ~*~*~tactically~*~*~ (stealth).
  2802 | D:4      | 2802 ||| Stepping ~*~*~tactically~*~*~ (stealth).
  2802 | D:4      | Found a glowing silver altar of Zin.
  2807 | D:4      | Reached skill level 1 in Dodging
  2815 | D:4      | 2815 ||| SHOPLISTING potion of curing (90 gold, have 48).
  2876 | D:4      | Noticed a scorpion
  2881 | D:4      | Killed a scorpion
  2882 | D:4      | Reached XP level 5. HP: 32/32 MP: 5/5
  2890 | D:4      | Noticed a phantom
  2890 | D:4      | 2890 ||| Stepping ~*~*~tactically~*~*~ (stealth).
  2891 | D:4      | 2891 ||| Stepping ~*~*~tactically~*~*~ (stealth).
  2905 | D:4      | Killed a phantom
  2906 | D:4      | Reached skill level 5 in Axes
  2906 | D:4      | Reached XP level 6. HP: 36/37 MP: 6/6
  2923 | D:4      | 2923 ||| Stepping ~*~*~tactically~*~*~ (hiding).
  2998 | D:4      | You fall into a shaft and drop 2 floors!
  3006 | D:6      | 3006 ||| Stepping ~*~*~tactically~*~*~ (stealth).
  3018 | D:6      | 3018 ||| DROPPING +0 whip.
  3049 | D:6      | 3049 ||| Stepping ~*~*~tactically~*~*~ (stealth).
  3059 | D:6      | 3059 ||| Stepping ~*~*~tactically~*~*~ (stealth).
  3061 | D:6      | 3061 ||| Stepping ~*~*~tactically~*~*~ (stealth).
  3071 | D:6      | 3071 ||| DROPPING +0 mace.
  3102 | D:6      | Reached skill level 6 in Axes
  3102 | D:6      | Reached XP level 7. HP: 43/43 MP: 7/7
  3117 | D:6      | 3117 ||| UPGRADING to ring of protection from cold.
  3119 | D:6      | 3119 ||| READING 8 scrolls of identify.
  3119 | D:6      | 3119 ||| IDENTIFYING purple potion
  3120 | D:6      | 3120 ||| DROPPING potion of berserk rage.
  3129 | D:5      | Entered Level 5 of the Dungeon
  3184 | D:5      | 3184 ||| Stepping ~*~*~tactically~*~*~ (hiding).
  3188 | D:5      | HP: 3/43 [orc priest/divine providence (14)]
  3189 | D:5      | 3189 ||| READING scroll of teleportation.
  3189 | D:5      | Slain by an orc

Levels and vault maps discovered:
D:1:      minmay_arrival_arboretum_small, layout_basic
D:2:      minmay_evil_eye, layout_loops_ring,
          shapermc_ecumenical_altar_mp_ritualfount, basic_altar,
          nicolae_eternal_life, hangedman_decor_growths, minmay_box_of_dots
D:3:      layout_loops_ring, serial_shops, nicolae_shop_window_shopping
D:4:      layout_cave_pools, mainiacjoe_overflow_cross_hatched, zin_purify,
          minmay_temple_entry_butterflies, minmay_three_crescents
D:5:      layout_layer_cave
D:6:      layout_gridville, serial_shops, shop, minivault_14

Skill      XL: |  1  2  3  4  5  6 |
---------------+-------------------+-----
Axes           | 2 3 4 5 6 |  6.3
Dodging        | 1 |  1.0
Fighting       | 4 |  4.3
Armour         | |  3.2
Shields        | |  3.2

Action                     |  1- 3 |  4- 6 |  7- 9 || total
---------------------------+-------+-------+-------++-------
  Melee: War axe           |   136 |   113 |    15 ||   264
    Use: Scroll            |     3 |     8 |     2 ||    13
         Potion            |       |     2 |       ||     2
 Armour: Scale mail        |    81 |     5 |       ||    86
         Chain mail        |       |    47 |    13 ||    60
  Dodge: Dodged            |    75 |    32 |     3 ||   110
  Block: Buckler           |    30 |    16 |     3 ||    49

Table legend:
 A = Non-vault XP
 B = Vault XP
 C = Vault XP percentage of total XP
 D = Non-vault monster count
 E = Vault monster count
 F = Vault count percentage of total count
                 A         B        C        D         E       F
            +---------+---------+-------+---------+---------+-------
      Total |     587 |     142 |  19.5 |      78 |      11 |  12.4
            +---------+---------+-------+---------+---------+-------
        D:1 |      51 |       0 |   0.0 |      31 |       0 |   0.0
        D:2 |      32 |       8 |  20.0 |      10 |       5 |  33.3
        D:3 |      29 |       0 |   0.0 |      16 |       0 |   0.0
        D:4 |     117 |     134 |  53.4 |       9 |       6 |  40.0
        D:5 |     108 |       0 |   0.0 |       5 |       0 |   0.0
        D:6 |     250 |       0 |   0.0 |       7 |       0 |   0.0
            +---------+---------+-------+---------+---------+-------
